 Dungeon Crawl Stone Soup version 0.18.1-47-g9310371 (webtiles) character file.

865 KrisztiCat the Digger (level 8, 0/64 HPs)
             Began as a Gargoyle Earth Elementalist on June 17, 2016.
             Slain by a troll (3 damage)
             ... on level 6 of the Dungeon.
             The game lasted 00:28:03 (4710 turns).

KrisztiCat the Digger (Gargoyle Earth Elementalist) Turns: 4710, Time: 00:28:04

Health: 0/64       AC: 24    Str: 13    XL:     8   Next: 3%
Magic:  8/17       EV:  2    Int: 17    God:
Gold:   253        SH:  0    Dex: 10    Spells: 2 memorised, 15 levels left

rFire  . . .     SeeInvis .     b - 55 stones
rCold  . . .     Gourm    .     (armour currently unavailable)
rNeg   + + +     Faith    .     (no shield)
rPois  ∞         Spirit   .     (helmet currently unavailable)
rElec  .         Dismiss  .     (cloak currently unavailable)
rCorr  .         Reflect  .     (gloves currently unavailable)
SustAt .         Harm     .     (boots currently unavailable)
MR     .....     NoTele   +     (no amulet)
Stlth  ++........               (no ring)
                                (no ring)

@: tree-form, not resistant to hostile enchantments, unstealthy
A: negative energy resistance 1, (electricity resistance), (unbreathing),
petrification resistance, rot immunity, AC +5
a: no special abilities


You were on level 6 of the Dungeon.
You were not hungry.
You were a tree.
You visited 1 branch of the dungeon, and saw 8 of its levels.

You collected 253 gold pieces.

Inventory:

Hand Weapons
 x - a +1 morningstar of holy wrath
Missiles
 b - 55 stones (in branch)
Armour
 a - a +0 robe (melded)
 m - a +0 helmet
 r - a +1 cloak (melded)
 s - a +2 hat (melded)
Magical Staves
 k - a cursed staff of poison {unknown}
Jewellery
 t - an uncursed amulet of guardian spirit
Wands
 o - a wand of flame (25/48)
Scrolls
 j - 2 scrolls of amnesia
 q - a scroll of immolation
 w - 2 scrolls of magic mapping
Potions
 h - a potion of haste {unknown}
 i - a potion of cure mutation {unknown}
 l - 3 potions of curing
 u - a potion of cancellation {unknown}
 v - a potion of lignification
Books
 c - a book of Geomancy

   Spells                             Type                      Level
   a - Sandblast                      Earth                        1
   b - Passwall                       Transmutation/Earth          2
   c - Stone Arrow                    Conjuration/Earth            3
   d - Petrify                        Transmutation/Earth          4
   e - Lee's Rapid Deconstruction     Earth                        5
 p - a book of Beasts

   Spells                             Type                      Level
   a - Summon Butterflies             Summoning                    1
   b - Call Canine Familiar           Summoning                    3
   c - Summon Ice Beast               Ice/Summoning                4
   d - Summon Mana Viper              Hexes/Summoning              5
   e - Summon Hydra                   Summoning                    7
Comestibles
 d - 7 bread rations
 f - a fruit
 n - 2 beef jerkies
 z - a meat ration
 A - 11 chunks of flesh
 B - 8 slices of pizza


   Skills:
 + Level 1.4 Fighting
 + Level 1.2 Maces & Flails
 + Level 1.2 Armour
 + Level 2.0 Dodging
 - Level 2.1 Stealth
 * Level 6.1 Spellcasting
 + Level 1.3 Conjurations
   Level 0.7 Transmutations
 + Level 6.6 Earth Magic
 + Level 1.0 Evocations


You had 15 spell levels left.
You knew the following spells:

 Your Spells              Type           Power        Failure   Level  Hunger
a - Sandblast             Erth           ####..       1%          1    None
b - Stone Arrow           Conj/Erth      ###...       10%         3    ##.....


Dungeon Overview and Level Annotations

Branches:
Dungeon (8/15)
 Temple: D:4-7         Lair: D:8-11

Altars:
Cheibriados
Elyvilon
Okawaru
Qazlal
Zin
The Shining One

Annotations:
D:4 Menkaure; PeterLawrence's ghost, amateur DsFi


Innate Abilities, Weirdness & Mutations

You are resistant to torment.
((Your stone body is resilient (AC +5).))
You are immune to poison.
You resist negative energy.
((You are resistant to electric shocks.))
((You can survive without breathing.))
You are immune to petrification.
You are immune to rotting.


Message History

The rocky blast misses the troll.
The troll barely misses you. The troll claws you but does no damage.
The troll claws you!
Casting: Sandblast
Confirm with . or Enter, or press ? or * to list all spells.
Aiming: Sandblast
Press: ? - help, Shift-Dir - straight line, f/p - troll
Aim: a troll The rocky blast hits the troll.
The troll is moderately wounded.
The troll bites you!
* * * LOW HITPOINT WARNING * * *
The troll claws you.
* * * LOW HITPOINT WARNING * * *
The troll barely misses you.
Drink which item? (? for menu, Esc to quit)
It was a potion of lignification.
You turn into a tree.
Your +1 cloak melds into your body.
Your +2 hat melds into your body.
Your +0 robe melds into your body.
Your roots penetrate the ground.
The troll bites you but does no damage. The troll claws you.
You die...

## ..
#.#####
###.....###
..........#
##.###.#.#
#.#T# #.#♣#
#>#p# #.#.#
#T#p# #.#.#
#.#.# #.#.#
#.#.# #..p.


You could see a troll and 2 slaves.

Vanquished Creatures
  A spriggan (D:8)
  2 hippogriffs (D:7)
  A crimson imp (D:5)
  A giant frog zombie (D:7)
  2 hounds (D:4)
  An orc priest (D:7)
  4 orc wizards
  A hound skeleton (D:8)
  8 adders
  A howler monkey skeleton (D:5)
  A shadow imp (D:5)
  2 oozes
  6 dart slugs
  3 giant geckos
  7 orcs
  5 giant cockroaches
  5 goblins
  8 hobgoblins
  2 jackals (D:2)
  A quokka (D:3)
  5 bats
  4 giant newts
  9 kobolds
  A quokka zombie (D:7)
  6 rats
87 creatures vanquished.

Notes
Turn   | Place    | Note
--------------------------------------------------------------
     0 | D:1      | KrisztiCat the Gargoyle Earth Elementalist began the quest for the Orb.
     0 | D:1      | Reached XP level 1. HP: 10/10 MP: 3/3
   241 | D:1      | Reached XP level 2. HP: 6/15 MP: 1/5
   695 | D:1      | Reached XP level 3. HP: 19/19 MP: 4/7
  1440 | D:2      | Reached XP level 4. HP: 19/24 MP: 4/8
  2132 | D:4      | Noticed Menkaure
  2132 | D:4      | Noticed a phantom
  2276 | D:3      | Reached XP level 5. HP: 28/28 MP: 5/10
  2343 | D:3      | Reached skill level 5 in Earth Magic
  2350 | D:3      | Found an iron altar of Okawaru.
  2821 | D:3      | Found a faded altar to an unknown god.
  3037 | D:4      | Reached XP level 6. HP: 10/32 MP: 1/12
  3283 | D:4      | Found a glowing silver altar of Zin.
  3283 | D:4      | Found a white marble altar of Elyvilon.
  3284 | D:4      | Found a glowing golden altar of the Shining One.
  3377 | D:4      | Noticed PeterLawrence's ghost (amateur DsFi)
  4053 | D:5      | Entered Level 5 of the Dungeon
  4093 | D:5      | Reached skill level 5 in Spellcasting
  4170 | D:4      | Found a snail-covered altar of Cheibriados.
  4472 | D:6      | You fall through a shaft for 2 floors!
  4472 | D:8      | Noticed a spriggan
  4479 | D:8      | Killed a spriggan
  4479 | D:8      | Reached XP level 7. HP: 36/36 MP: 11/15
  4533 | D:8      | Learned a level 3 spell: Stone Arrow
  4575 | D:7      | Found a stormy altar of Qazlal.
  4578 | D:7      | Noticed a water elemental
  4619 | D:7      | Noticed a hippogriff
  4625 | D:7      | Killed a hippogriff
  4636 | D:7      | Noticed a hippogriff
  4646 | D:7      | Killed a hippogriff
  4646 | D:7      | Reached skill level 1 in Fighting
  4646 | D:7      | Reached skill level 1 in Maces & Flails
  4646 | D:7      | Reached skill level 1 in Armour
  4650 | D:7      | Reached skill level 1 in Conjurations
  4650 | D:7      | Reached skill level 1 in Evocations
  4665 | D:7      | Reached XP level 8. HP: 22/43 MP: 3/17
  4696 | D:6      | Noticed a troll
  4709 | D:6      | HP: 2/43 [troll (3)]
  4710 | D:6      | Slain by a troll

Skill      XL: |  1  2  3  4  5  6  7 |
---------------+----------------------+-----
Earth Magic    | 4 5 6 |  6.6
Spellcasting   | 3 4 5 6 |  6.1
Fighting       | 1 |  1.4
Maces & Flails | 1 |  1.2
Armour         | 1 |  1.2
Conjurations   | 1 |  1.3
Evocations     | 1 |  1.0
Dodging        | 2 |  2.0
Stealth        | |  2.1
Transmutations | |  0.7

Action                   |  1- 3 |  4- 6 |  7- 9 || total
-------------------------+-------+-------+-------++-------
Melee: Unarmed           |     5 |       |       ||     5
       Whip              |    34 |       |       ||    34
       Spear             |       |    43 |       ||    43
 Cast: Sandblast         |    58 |   141 |    23 ||   222
  Use: Scroll            |     3 |     8 |     1 ||    12
       Potion            |       |       |     1 ||     1
  Eat: Chunk             |     2 |     7 |     1 ||    10
       Fruit             |       |     1 |       ||     1
       Pizza             |       |     1 |       ||     1
Armor: Robe              |    41 |    51 |     3 ||    95
       Skin              |       |       |     1 ||     1
Dodge: Dodged            |    55 |    94 |     4 ||   153
